BSA
BEECH MOUNTAIN MOUNTAINEERS @ NASSAU ROCKETS
05/06/2028
 
TOP OF THE 1ST
Beech Mountain Mountaineers batting - Pitching for Nassau Rockets : RHP Ron Bartlett
Pitching: RHP Ron Bartlett
Batting: RHB Jared Thompson 0-0: Fly out, F8 (Line Drive, 78M)
Batting: SHB Miguel González 0-0: Foul Ball, location: 2F
0-1: Ball
1-1: Ball
2-1: Foul Ball, location: 2F
2-2: Fly out, F7 (Flyball, 7LS)
Batting: LHB Chris Bates 0-0: Called Strike
0-1: Ball
1-1: SOLO HOME RUN (Flyball, 89XD), Distance : 371 ft
Batting: SHB Juan Castro 0-0: Called Strike
0-1: Ball
1-1: DOUBLE (Line Drive, 9LM)
Batting: RHB António Zúńiga 0-0: Ball
1-0: Ball
2-0: Foul Ball, location: 2F
2-1: Foul Ball, location: 2F
2-2: Ball
3-2: Fly out, F8 (Flyball, 8RM)
Top of the 1st over - 1 run(s), 2 hit(s), 0 error(s), 1 left on base; Beech Mountain 1 - Nassau 0
BOTTOM OF THE 1ST
Nassau Rockets batting - Pitching for Beech Mountain Mountaineers : RHP Fernand Picard
Pitching: RHP Fernand Picard
Batting: SHB Howard Parker 0-0: Ball
1-0: Ball
2-0: Called Strike
2-1: Foul Ball, location: 2F
2-2: Ground out 6-3 (Groundball, 6S)
Batting: LHB Andrew Alvarado 0-0: Ball
1-0: Swinging Strike
1-1: Swinging Strike
1-2: Strikes out swinging
Batting: LHB Don Ramey 0-0: Ball
1-0: Called Strike
1-1: Swinging Strike
1-2: Ground out U3 (Groundball, 3)
Bottom of the 1st over - 0 run(s), 0 hit(s), 0 error(s), 0 left on base; Beech Mountain 1 - Nassau 0
TOP OF THE 2ND
Beech Mountain Mountaineers batting - Pitching for Nassau Rockets : RHP Ron Bartlett
Batting: LHB Lorenzo Quintanilla 0-0: Ball
1-0: Ball
2-0: Ball
3-0: Foul Ball, location: 2F
3-1: Swinging Strike
3-2: Strikes out swinging
Batting: RHB John Anderson 0-0: Swinging Strike
0-1: Ball
1-1: Ball
2-1: Ball
3-1: Foul Ball, location: 2F
3-2: Foul Ball, location: 2F
3-2: Strikes out swinging
Batting: LHB Tommy Payne 0-0: Ball
1-0: Ball
2-0: Swinging Strike
2-1: Ball
3-1: Ground out U3 (Groundball, 34)
Top of the 2nd over - 0 run(s), 0 hit(s), 0 error(s), 0 left on base; Beech Mountain 1 - Nassau 0
BOTTOM OF THE 2ND
Nassau Rockets batting - Pitching for Beech Mountain Mountaineers : RHP Fernand Picard
Batting: LHB Wilson Allen 0-0: Ball
1-0: Called Strike
1-1: Swinging Strike
1-2: Strikes out looking
Batting: RHB Pete Harvey 0-0: Called Strike
0-1: Ground out 5-3 (Groundball, 56)
Batting: SHB Edgardo Osorio 0-0: Ball
1-0: Foul Ball, location: 2F
1-1: Ball
2-1: Swinging Strike
2-2: Ball
3-2: Fly out, F9 (Flyball, 9)
Bottom of the 2nd over - 0 run(s), 0 hit(s), 0 error(s), 0 left on base; Beech Mountain 1 - Nassau 0
TOP OF THE 3RD
Beech Mountain Mountaineers batting - Pitching for Nassau Rockets : RHP Ron Bartlett
Batting: RHB Boyd Pittman 0-0: Ball
1-0: Called Strike
1-1: Foul Ball, location: 2F
1-2: Strikes out swinging
Batting: RHB Jared Thompson 0-0: Ball
1-0: Called Strike
1-1: Ball
2-1: Foul Ball, location: 2F
2-2: Foul Ball, location: 2F
2-2: Strikes out looking
Batting: SHB Miguel González 0-0: Foul Ball, location: 2F
0-1: Foul Ball, location: 2F
0-2: Ball
1-2: Foul Ball, location: 2F
1-2: DOUBLE (Groundball, 5L)
Batting: LHB Chris Bates 0-0: Called Strike
0-1: Ball
1-1: Ball
2-1: Ball
3-1: Ground out 4-3 (Groundball, 34D)
Top of the 3rd over - 0 run(s), 1 hit(s), 0 error(s), 1 left on base; Beech Mountain 1 - Nassau 0
BOTTOM OF THE 3RD
Nassau Rockets batting - Pitching for Beech Mountain Mountaineers : RHP Fernand Picard
Batting: RHB Salvador Borbón 0-0: SINGLE (Flyball, 78S)
Batting: LHB Bob Martin 0-0: Ball
1-0: Called Strike
1-1: Fielders Choice at 2nd, 1-4 (Groundball, 15S)
Batting: RHB Rubén Matos 0-0: Called Strike
0-1: Ball
1-1: Foul Ball, location: 2F
1-2: Foul Ball, location: 2F
1-2: Ground out 3-1 (Groundball, 23)
Bob Martin to second
Batting: SHB Howard Parker 0-0: Ball
1-0: Called Strike
1-1: Foul Ball, location: 2F
1-2: Ball
2-2: Ground out 4-3 (Groundball, 4)
Bottom of the 3rd over - 0 run(s), 1 hit(s), 0 error(s), 1 left on base; Beech Mountain 1 - Nassau 0
TOP OF THE 4TH
Beech Mountain Mountaineers batting - Pitching for Nassau Rockets : RHP Ron Bartlett
Batting: SHB Juan Castro 0-0: Ball
1-0: Called Strike
1-1: Called Strike
1-2: Ball
2-2: Ball
3-2: Base on Balls
Batting: RHB António Zúńiga 0-0: Ball
1-0: Called Strike
1-1: Foul Ball, location: 2F
1-2: Grounds into double play, 6-4-3 (Groundball, 6)
Batting: LHB Lorenzo Quintanilla 0-0: Ball
1-0: Foul Ball, location: 2F
1-1: Foul Ball, location: 2F
1-2: SINGLE (Groundball, 4MD)
Batting: RHB John Anderson 0-0: Fly out, F9 (Flyball, 9LS)
Top of the 4th over - 0 run(s), 1 hit(s), 0 error(s), 1 left on base; Beech Mountain 1 - Nassau 0
BOTTOM OF THE 4TH
Nassau Rockets batting - Pitching for Beech Mountain Mountaineers : RHP Fernand Picard
Batting: LHB Andrew Alvarado 0-0: Ball
1-0: Foul Ball, location: 2F
1-1: Ball
2-1: Ball
3-1: Called Strike
3-2: Foul Ball, location: 2F
3-2: Strikes out swinging
Batting: LHB Don Ramey 0-0: Called Strike
0-1: Ball
1-1: Ball
2-1: Ball
3-1: Foul Ball, location: 2F
3-2: Foul Ball, location: 2F
3-2: Ground out U3 (Groundball, 3)
Batting: LHB Wilson Allen 0-0: Ball
1-0: Foul Ball, location: 2F
1-1: Fly out, F2 (Popup, 13)
Bottom of the 4th over - 0 run(s), 0 hit(s), 0 error(s), 0 left on base; Beech Mountain 1 - Nassau 0
TOP OF THE 5TH
Beech Mountain Mountaineers batting - Pitching for Nassau Rockets : RHP Ron Bartlett
Batting: LHB Tommy Payne 0-0: Ground out 4-3 (Groundball, 4)
Batting: RHB Boyd Pittman 0-0: Called Strike
0-1: Ball
1-1: Called Strike
1-2: Strikes out swinging
Batting: RHB Jared Thompson 0-0: Ball
1-0: SOLO HOME RUN (Flyball, 7D), Distance : 368 ft
Batting: SHB Miguel González 0-0: Called Strike
0-1: Swinging Strike
0-2: Ball
1-2: Ball
2-2: Foul Ball, location: 2F
2-2: Foul Ball, location: 2F
2-2: Ground out U3 (Groundball, 3)
Top of the 5th over - 1 run(s), 1 hit(s), 0 error(s), 0 left on base; Beech Mountain 2 - Nassau 0
BOTTOM OF THE 5TH
Nassau Rockets batting - Pitching for Beech Mountain Mountaineers : RHP Fernand Picard
Batting: RHB Pete Harvey 0-0: Reached on error, E5 (Groundball, 5S)
Batting: SHB Edgardo Osorio 0-0: Ball
1-0: Called Strike
1-1: Swinging Strike
1-2: Ball
2-2: Fly out, F7 (Flyball, 7S)
Batting: RHB Salvador Borbón 0-0: Ball
1-0: Called Strike
1-1: Ball
2-1: Swinging Strike
2-2: Ball
3-2: Grounds into double play, 5-4-3 (Groundball, 5)
Bottom of the 5th over - 0 run(s), 0 hit(s), 1 error(s), 0 left on base; Beech Mountain 2 - Nassau 0
TOP OF THE 6TH
Beech Mountain Mountaineers batting - Pitching for Nassau Rockets : RHP Ron Bartlett
Batting: LHB Chris Bates 0-0: Ball
1-0: Ball
2-0: Ball
3-0: Base on Balls
Batting: SHB Juan Castro 0-0: Called Strike
0-1: Foul Ball, location: 2F
0-2: Ball
Chris Bates is caught stealing 2nd base
1-2: Foul Ball, location: 2F
1-2: Ground out 4-3 (Groundball, 34D)
Batting: RHB António Zúńiga 0-0: Ball
1-0: Ball
2-0: Ball
3-0: Base on Balls
Batting: LHB Lorenzo Quintanilla 0-0: Called Strike
0-1: Ball
António Zúńiga is caught stealing 2nd base
Top of the 6th over - 0 run(s), 0 hit(s), 0 error(s), 0 left on base; Beech Mountain 2 - Nassau 0
BOTTOM OF THE 6TH
Nassau Rockets batting - Pitching for Beech Mountain Mountaineers : RHP Fernand Picard
Batting: LHB Bob Martin 0-0: Foul Ball, location: 2F
0-1: Swinging Strike
0-2: Foul Ball, location: 2F
0-2: Foul Ball, location: 2F
0-2: Ball
1-2: Foul Ball, location: 2F
1-2: Ball
2-2: Foul Ball, location: 2F
2-2: Foul Ball, location: 2F
2-2: Foul Ball, location: 2F
2-2: Strikes out swinging
Batting: RHB Rubén Matos 0-0: Called Strike
0-1: Ball
1-1: Swinging Strike
1-2: Foul Ball, location: 2F
1-2: Ground out 5-3 (Groundball, 56)
Batting: SHB Howard Parker 0-0: Swinging Strike
0-1: Ball
1-1: Called Strike
1-2: Ground out 4-3 (Groundball, 4)
Bottom of the 6th over - 0 run(s), 0 hit(s), 0 error(s), 0 left on base; Beech Mountain 2 - Nassau 0
TOP OF THE 7TH
Beech Mountain Mountaineers batting - Pitching for Nassau Rockets : RHP Ron Bartlett
Pitching: LHP Luis Valentín
Batting: LHB Lorenzo Quintanilla 0-0: Ball
1-0: Called Strike
1-1: Fly out, F6 (Popup, 6MS)
Batting: RHB John Anderson 0-0: Ball
1-0: Fly out, F9 (Flyball, 9)
Pitching: RHP Nolan Baker
Batting: LHB Tommy Payne 0-0: Ball
1-0: Called Strike
1-1: Ball
2-1: Ball
3-1: Fly out, F4 (Popup, 4D)
Top of the 7th over - 0 run(s), 0 hit(s), 0 error(s), 0 left on base; Beech Mountain 2 - Nassau 0
BOTTOM OF THE 7TH
Nassau Rockets batting - Pitching for Beech Mountain Mountaineers : RHP Fernand Picard
Batting: LHB Andrew Alvarado 0-0: Called Strike
0-1: Ball
1-1: Ball
2-1: SINGLE (Line Drive, 7S)
Batting: LHB Don Ramey 0-0: Ball
1-0: Foul Ball, location: 2F
1-1: Swinging Strike
1-2: Foul Ball, location: 2F
1-2: Foul Ball, location: 2F
1-2: Ball
Andrew Alvarado steals 2nd base
2-2: Foul Ball, location: 2F
2-2: Fly out, F7 (Flyball, 7LS)
Batting: LHB Wilson Allen 0-0: Fly out, F2 (Popup, 3S)
Batting: RHB Pete Harvey 0-0: Ball
1-0: Called Strike
1-1: Fly out, F4 (Popup, 4S)
Bottom of the 7th over - 0 run(s), 1 hit(s), 0 error(s), 1 left on base; Beech Mountain 2 - Nassau 0
TOP OF THE 8TH
Beech Mountain Mountaineers batting - Pitching for Nassau Rockets : RHP Nolan Baker
Batting: RHB Boyd Pittman 0-0: Ball
1-0: Ball
2-0: Ball
3-0: Called Strike
3-1: Foul Ball, location: 2F
3-2: Foul Ball, location: 2F
3-2: Strikes out looking
Batting: RHB Jared Thompson 0-0: Ball
1-0: SINGLE (Groundball, 56D)
Batting: SHB Miguel González 0-0: Fly out, F4 (Popup, 4S)
Batting: LHB Chris Bates 0-0: Ball
1-0: Ball
2-0: SINGLE (Groundball, 13S) (infield hit)
Jared Thompson to second
Batting: SHB Juan Castro 0-0: Called Strike
0-1: Ball
1-1: SINGLE (Line Drive, 4D)
Jared Thompson to third
Chris Bates to second
Runner from 3rd tries for Home, SAFE, no throw
Batting: RHB António Zúńiga 0-0: Called Strike
0-1: Ball
1-1: Swinging Strike
1-2: Ball
2-2: Ball
3-2: Strikes out swinging
Top of the 8th over - 1 run(s), 3 hit(s), 0 error(s), 2 left on base; Beech Mountain 3 - Nassau 0
BOTTOM OF THE 8TH
Nassau Rockets batting - Pitching for Beech Mountain Mountaineers : RHP Fernand Picard
Batting: SHB Edgardo Osorio 0-0: Fly out, F4 (Line Drive, 4)
Batting: RHB Salvador Borbón 0-0: Ball
1-0: SINGLE (Groundball, 34D)
Batting: LHB Bob Martin 0-0: Ground out 3-1 (Groundball, 34)
Salvador Borbón to second
Pitching: RHP Mang Tow
Batting: RHB Rubén Matos 0-0: Called Strike
0-1: Ball
1-1: Foul Ball, location: 2F
1-2: Ball
2-2: Ball
3-2: Foul Ball, location: 2F
3-2: Fly out, F9 (Flyball, 9S)
Bottom of the 8th over - 0 run(s), 1 hit(s), 0 error(s), 1 left on base; Beech Mountain 3 - Nassau 0
TOP OF THE 9TH
Beech Mountain Mountaineers batting - Pitching for Nassau Rockets : RHP Nolan Baker
Batting: LHB Lorenzo Quintanilla 0-0: Ball
1-0: Foul Ball, location: 2F
1-1: Ball
2-1: Ball
3-1: Ground out 4-3 (Groundball, 4)
Batting: RHB John Anderson 0-0: Called Strike
0-1: Ball
1-1: SINGLE (Groundball, 6MD)
Batting: LHB Tommy Payne 0-0: Ball
1-0: Foul Ball, location: 2F
1-1: Called Strike
1-2: SINGLE (Groundball, 34D)
John Anderson to second
Runner from 2nd tries for 3rd, SAFE, throw made to third
Batting: RHB Boyd Pittman 0-0: Ball
1-0: Reached on error, E1 (Groundball, 13S)
John Anderson scores
Tommy Payne to second
Batting: RHB Jared Thompson 0-0: Ball
1-0: Foul Ball, location: 2F
1-1: Ball
2-1: Ball
3-1: Foul Ball, location: 2F
3-2: SINGLE (Flyball, 78S)
Tommy Payne to third
Boyd Pittman to second
Runner from 3rd tries for Home, SAFE, no throw
Pitching: RHP Bill Sampson
Batting: SHB Miguel González 0-0: Ball
1-0: Ball
2-0: Foul Ball, location: 2F
2-1: Called Strike
2-2: Ball
3-2: Strikes out swinging
Batting: LHB Chris Bates 0-0: Ball
Passed Ball!
Boyd Pittman to third
Jared Thompson to second
1-0: Ball
2-0: Foul Ball, location: 2F
2-1: Foul Ball, location: 2F
2-2: Ball
3-2: Base on Balls
Batting: SHB Juan Castro 0-0: Called Strike
0-1: Ball
1-1: SINGLE (Line Drive, 7S)
Boyd Pittman scores
Jared Thompson to third
Chris Bates to second
Runner from 3rd tries for Home, SAFE, no throw
Batting: RHB António Zúńiga 0-0: Fly out, F7 (Line Drive, 7LD)
Top of the 9th over - 4 run(s), 4 hit(s), 1 error(s), 2 left on base; Beech Mountain 7 - Nassau 0
BOTTOM OF THE 9TH
Nassau Rockets batting - Pitching for Beech Mountain Mountaineers : RHP Mang Tow
Now at 2B: Rafael González
Batting: SHB Howard Parker 0-0: Ball
1-0: Called Strike
1-1: Ball
2-1: Foul Ball, location: 2F
2-2: Ball
3-2: Base on Balls
Batting: LHB Andrew Alvarado 0-0: Foul Ball, location: 2F
0-1: 2-RUN HOME RUN (Flyball, 7D), Distance : 360 ft
Pitching: RHP Bret McJannett
Batting: LHB Don Ramey 0-0: SINGLE (Flyball, 7S)
Batting: LHB Wilson Allen 0-0: Ball
1-0: Swinging Strike
1-1: Ball
2-1: Swinging Strike
2-2: Strikes out swinging
Batting: RHB Pete Harvey 0-0: Called Strike
0-1: Ball
1-1: Swinging Strike
1-2: Ball
2-2: Strikes out swinging
Batting: SHB Edgardo Osorio 0-0: Ground out 5-3 (Groundball, 56S)
Bottom of the 9th over - 2 run(s), 2 hit(s), 0 error(s), 1 left on base; Beech Mountain 7 - Nassau 2
Tuesday, August 8th, 2017 - OOTP Baseball 17.12 Build 75